Raisse, neutral female human Tourist ---- |..| --..-- |..| .......-- ---.-- ........- --...| -------- ..----...|-...--- --..........| .<| -..|......-----...........-- ..- |..|.--....||.)............| -...|--...-|..--)..%......| -.--|......|---|....(.....| ..---.---..| --..|)....-- .|.......---------------......-- ...............................| --......%------------------...|.-- .......-.G......................|-- .......h@--....------...-------. ..--------|....| ... Raisse the Sightseer Experience level: 4 Strength: 15 Dexterity: 11 Constitution: 17 Intelligence: 12 Wisdom: 6 Charisma: 13 Health: 0(37) Energy: 10(16) Def: 0 Gold: 435 Moves: 947 Dungeon seed: y6sQEl0Jaof1-9PT Game ID: Raisse_1593530923 Your Inventory: Coins $ - 435 gold pieces Weapons a - 18 +2 darts n - a +0 long sword t - a +0 dagger (weapon in hand) Armor A - an uncursed +0 leather armor B - an uncursed +0 pair of high boots C - an uncursed +2 dwarvish cloak O - an uncursed +0 Hawaiian shirt Comestibles d - 4 uncursed fortune cookies e - 6 uncursed food rations f - an uncursed tin of lichen g - an uncursed candy bar Scrolls j - 4 uncursed scrolls of magic mapping m - a blessed scroll of food detection p - an uncursed scroll of identify Potions h - a blessed potion of extra healing i - an uncursed potion of extra healing o - an uncursed potion of oil Rings r - an uncursed ring of stealth Tools c - an expensive camera (0:90) q - an uncursed credit card Spells and supernatural/magical abilities: Name Level Category Fail Memory W - pray for help -- divine ? -- Your skills at the end: Fighting Skills Weapon Skills dart [Basic] Spellcasting Skills Final Attributes: You were piously aligned. You were a wererat. You are dead. Vanquished creatures: a gnome lord a kitten a dwarf a wererat a coyote 2 hobbits a large kobold 4 gnomes a gecko 3 jackals a fox 4 sewer rats 6 grid bugs a kobold zombie 3 newts 31 creatures vanquished. Voluntary challenges: You used a wielded weapon 2 times, starting on turn 942. You were illiterate. You never genocided any monsters. You never polymorphed an object. You changed form 2 times, starting on turn 856. You used no wishes. You never split a pudding. You never wrote Elbereth's name. You never violated your personal moral code. Dungeon overview: The Dungeons of Doom: levels 1 to 4 Level 1 a sink a long staircase Level 2 Level 3 a fountain Level 4 stairs to The Gnomish Mines The Gnomish Mines: Level 5 <- You were here stairs to The Dungeons of Doom History has recorded: On T:1 you entered the Dungeons of Doom to retrieve the Amulet of Yendor! On T:282 you reached level 2 of The Dungeons of Doom. On T:349 you reached level 3 of The Dungeons of Doom. On T:540 you reached level 4 of The Dungeons of Doom. On T:574 you advanced to experience level 2. On T:695 you reached level 1 of The Gnomish Mines. On T:821 you advanced to experience level 3. On T:889 you advanced to experience level 4. Score breakdown: Gold: 350 ( 8658 points) Experience: 4 levels ( 9649 points) Exploration: 5 levels ( 10.00%) ( 8571 points) Discoveries: 0 items ( 0.00%) ( 0 points) Valuables value: (no points given unless you survive) Artifact value: 0 ( 0 points) Variety of kills: 15 monsters ( 3.94%) ( 5952 points) Turncount: 947 turns ( 0 points) Survival: died (score multiplied by 80%) Total score: 26264 Latest messages: o - a potion of oil. r - an iron ring. q - an uncursed credit card. c - an expensive camera (0:90). You are now wielding your dagger. The dwarf hits! The gnome lord hits! You hit the gnome lord. The gnome lord hits! You miss the gnome lord. The dwarf hits! You hit the gnome lord. The gnome lord hits! You are beginning to feel weak. You begin praying to The Lady. The dwarf hits! The gnome lord hits! The dwarf hits! You die... Final status: Aloha Raisse the Tourist, killed by a dwarf, while praying... You died in The Gnomish Mines on dungeon level 5 with 26264 points, and 435 pieces of gold, after 947 moves. You were level 4 with a maximum of 37 hit points when you died.